 Dungeon Crawl Stone Soup version 0.28-a0-983-g1de4e07 (webtiles) character file.

Game seed: 10240859154742219570

44 Ayyar the Poker (level 3, 0/28 HPs)
             Began as a Demonspawn Gladiator on Dec 2, 2021.
             Slain by an orc wizard (3 damage)
             ... on level 3 of the Dungeon.
             The game lasted 00:05:53 (1753 turns).

Ayyar the Poker (Demonspawn Gladiator)              Turns: 1753, Time: 00:05:53

Health: 0/28       AC:  4    Str: 16    XL:     3   Next: 39%
Magic:  3/3        EV: 12    Int:  9    God:
Gold:   38         SH:  0    Dex: 14    Spells: 2/2 levels left

rFire   . . .      SeeInvis .   a - +0 trident
rCold   . . .      Faith    .   (no shield)
rNeg    . . .      Spirit   .   b - +0 leather armour
rPois   .          Reflect  .   c - +0 helmet
rElec   .          Harm     .   (no cloak)
rCorr   .          Rampage  .   (no gloves)
Will    .....                   (no boots)
Stlth   +.........              (no amulet)
HPRegen 0.09/turn               (no ring)
MPRegen 0.08/turn               (no ring)

@: confused, mighty
A: claws 1, demonic magic 1
a: no special abilities


You were on level 3 of the Dungeon.
You visited 1 branch of the dungeon, and saw 3 of its levels.

You collected 38 gold pieces.

Inventory:

Hand Weapons
 a - a +0 trident (weapon)
Missiles
 d - 3 throwing nets (quivered)
 g - 5 javelins
Armour
 b - a +0 leather armour (worn)
 c - a +0 helmet (worn)
Jewellery
 h - an amulet of guardian spirit
 l - a ring of fire
 p - a ring of positive energy
Scrolls
 e - a scroll of enchant armour {unknown}
 f - 4 scrolls of identify {unknown}
 i - a scroll of immolation {unknown}
 j - 3 scrolls of teleportation {unknown}
 k - a scroll of acquirement {unknown}
 m - a scroll of fear {unknown}
 n - a scroll of amnesia {unknown}


   Skills:
 + Level 2.5 Fighting
 + Level 3.1 Polearms
 + Level 2.2 Throwing
 + Level 0.2 Armour
 - Level 3.0 Dodging
 + Level 0.3 Spellcasting


You had 2 spell levels left.
You didn't know any spells.
Your spell library was empty.

Dungeon Overview and Level Annotations

Branches:
Dungeon (3/15)

Altars:

Shops:
D:2 (


Innate Abilities, Weirdness & Mutations

You have sharp fingernails.
Spells you cast may paralyse adjacent enemies.


Message History

Press: ? - help, Dir - move target, f/p - orc
Aim: an orc, wielding a +0 club and wearing a +0 scale mail (severely wounded, about 37% to evade your +0 trident)
Something you can't see is in the way.
You barely miss something.
You hear some strange, mumbled words.
You are confused.
You're too confused to aim your attacks!
Unknown command.
You barely miss something. Something hits you.
You're too confused to move!
You hear some strange, mumbled words.
You are more confused.
You bump into the rock wall.
Something barely misses you.
You bump into the rock wall.
Something hits you but does no damage.
You barely miss something. Something hits you.
You miss something. Something hits you.
You hear some strange, mumbled words.
You are more confused.
You bump into the rock wall.
You miss something.
You hear some strange, mumbled words.
A magic dart appears from out of thin air!
The magic dart hits you.
You bump into the rock wall.
You hear some strange, mumbled words.
A puff of flame appears from out of thin air!
The puff of flame hits you.
* * * LOW HITPOINT WARNING * * *
It was a potion of might.
You feel very mighty all of a sudden. Something hits you.
* * * LOW HITPOINT WARNING * * *
You miss something. Something hits you.
* * * LOW HITPOINT WARNING * * *
Something hits you but does no damage.
You miss something.
An orc wizard appears from thin air!
Reactivating autopickup.
The orc wizard misses you.
You miss the orc wizard.
The orc wizard hits you with a +0 dagger.
You die...

#. # ... #' #.# ... #.#
.... ###.## .....
##.#..#
......####...#.####.##.
.....ooo@..............
......####...#<####.###
..... ##.##.# ....
####.# ... #.# #+ #.#
#.# ..# ###


You could see an orc wizard and 2 orcs.

Vanquished Creatures
  An adder (D:2)
  2 dart slugs
  An orc (D:3)
  A ball python (D:1)
  6 bats
  A giant cockroach (D:2)
  A goblin (D:1)
  2 hobgoblins
  2 jackals (D:1)
  3 quokkas
  3 kobolds
  6 rats
29 creatures vanquished.

Notes
Turn   | Place    | Note
-------+----------+-------------------------------------------
     0 | D:1      | Ayyar the Demonspawn Gladiator began the quest for the Orb.
     0 | D:1      | Reached XP level 1. HP: 16/16 MP: 1/1
   138 | D:1      | Gained mutation: You have sharp fingernails. [demonic
                  | ancestry]
   138 | D:1      | Reached XP level 2. HP: 11/22 MP: 2/2
   641 | D:1      | Found a faded altar of an unknown god.
  1112 | D:2      | Found Veqicw's Antique Weapon Emporium.
  1128 | D:2      | Gained mutation: Spells you cast may paralyse adjacent
                  | enemies. [demonic ancestry]
  1128 | D:2      | Reached XP level 3. HP: 28/28 MP: 3/3
  1753 | D:3      | Slain by an orc wizard

Illustrated notes

Levels and vault maps discovered:
D:1:      denvon_arrival_hothouse, layout_basic,
          shapermc_ecumenical_altar_acropolis, bh_walls_and_bars
D:2:      layout_loops_ring, serial_shops, nicolae_shop_stone
D:3:      layout_loops_corners, minmay_fractal_squares_gapless_5

Skill      XL: |  1  2 |
---------------+-------+-----
Throwing       | 2 |  2.2
Polearms       | 3 |  3.1
Dodging        | 3 |  3.0
Fighting       | |  2.5
Armour         | |  0.2
Spellcasting   | |  0.3

Action                   || total
-------------------------++-------
Melee: Trident           ||   109
  Use: Potion            ||     1
 Stab: Sleeping          ||     5
Armor: Leather armour    ||    43
Dodge: Dodged            ||    48

Table legend: (Time is in decaauts)
 A = Elapsed time spent in this place.
 B = Non-inter-level travel time spent in this place.
 C = Inter-level travel time spent in this place.
 D = Time resting spent in this place.
 E = Time spent auto-exploring this place.
 F = Levels seen in this place.
 G = Mean time per level.
                   A        B        C        D        E       F      G
               +--------+--------+--------+--------+--------+-----+--------+
         Total |   1769 |   1689 |     80 |    156 |   1278 |   3 |  589.7 |
       Dungeon |   1769 |   1689 |     80 |    156 |   1278 |   3 |  589.7 |
               +--------+--------+--------+--------+--------+-----+--------+

Top non-repeatable levels by time:
     D:1: 1096 daAuts
     D:2: 630 daAuts
     D:3: 42 daAuts
